 Dungeon Crawl Stone Soup version 0.23.2-1-ga50397a (webtiles) character file.

Game seed: 13259499692854206416

56 Kairos the Shooter (level 3, -5/30 HPs)
             Began as a Centaur Hunter on Apr 23, 2019.
             Slain by a bullfrog (6 damage)
             ... on level 2 of the Dungeon.
             The game lasted 00:01:25 (1028 turns).

Kairos the Shooter (Centaur Hunter)                 Turns: 1028, Time: 00:01:26

Health: -5/30      AC:  4    Str: 14    XL:     3   Next: 71%
Magic:  3/3        EV: 10    Int: 10    God:
Gold:   143        SH:  0    Dex: 10    Spells: 2/2 levels left

rFire    . . .     SeeInvis .   a - +1 shortbow
rCold    . . .     Gourm    .   (shield currently unavailable)
rNeg     . . .     Faith    .   n - +0 robe (curse)
rPois    .         Spirit   .   (no helmet)
rElec    .         Reflect  .   (no cloak)
rCorr    .         Harm     .   (no gloves)
MR       .....                  (no barding)
Stlth    ..........             (no amulet)
HPRegen  0.10/turn              l - ring of flight
MPRegen  0.08/turn              k - ring of attention (curse)

@: very quick
A: large, hooves 3, deformed body, speed 2, tough skin 3
a: Evoke Flight


You were on level 2 of the Dungeon.
You were not hungry.

You visited 1 branch of the dungeon, and saw 2 of its levels.

You collected 143 gold pieces.

Inventory:

Hand Weapons
 a - a +1 shortbow (weapon)
 b - a +0 short sword
Missiles
 d - 3 arrows (quivered)
Armour
 c - a +0 leather armour
 n - a cursed +0 robe (worn)
Jewellery
 i - a +1 ring of evasion
 k - a cursed ring of attention (right hand)
 l - a ring of flight (left hand)
Scrolls
 h - a scroll of identify
 o - a scroll of remove curse {unknown}
Potions
 e - a potion of resistance
 g - a potion of curing {unknown}
 j - a potion of haste {unknown}
 m - a potion of might {unknown}
 p - a potion of invisibility {unknown}
Comestibles
 f - 5 rations


   Skills:
 + Level 2.5 Fighting
 + Level 6.6 Bows
 + Level 0.2 Armour
 + Level 1.6 Dodging
 + Level 0.4 Stealth


You had 2 spell levels left.
You didn't know any spells.
Your spell library was empty.

Dungeon Overview and Level Annotations

Branches:
Dungeon (2/15)

Altars:


Innate Abilities, Weirdness & Mutations

You have hooves in place of feet.
Armour fits poorly on your strangely shaped body.
You cover ground very quickly.
You have extremely tough skin. (AC +3)


Message History

Firing (i - inventory)
d - 6 arrows (quivered)
Press: ? - help, Shift-Dir - straight line, f/p - bullfrog
Aim: a bullfrog (severely wounded)
You shoot an arrow. The arrow hits the bullfrog.
The bullfrog is severely wounded.
The bullfrog hits you.
* * * LOW HITPOINT WARNING * * *
Firing (i - inventory)
d - 5 arrows (quivered)
Press: ? - help, Shift-Dir - straight line, f/p - bullfrog
Aim: a bullfrog (severely wounded)
You shoot an arrow. The arrow hits the bullfrog.
The bullfrog is severely wounded.
The bullfrog barely misses you. x2
Firing (i - inventory)
d - 4 arrows (quivered)
Press: ? - help, Shift-Dir - straight line, f/p - bullfrog
Aim: a bullfrog (severely wounded)
You shoot an arrow. The arrow hits the bullfrog.
The bullfrog is almost dead.
The bullfrog hits you.
You die...

(.........( .(.........
.(........ #.(.......
#....... ##### #.....# #....
...###..F..# #....
.......@...##### #....
..#....#.......# #....
#....#.......# #....
########...#.......#.#.#....
#...........#.....#.#.#.#....
#.###########.....#.#[#.#####
#.#.........#..##.#.#.#.#....
#.#.........#.....#.#.#.#....
#.#...).....#..#..#.#.#.#....


You could see a bullfrog.

Vanquished Creatures
  An adder (D:2)
  A worm (D:2)
  2 dart slugs (D:1)
  2 leopard geckos (D:2)
  A ball python (D:1)
  7 bats (D:1)
  A giant cockroach (D:1)
  7 goblins
  2 hobgoblins (D:1)
  A jackal (D:1)
  3 frilled lizards
  5 kobolds
  5 rats
38 creatures vanquished.

Notes
Turn   | Place    | Note
-------+----------+-------------------------------------------
     0 | D:1      | Kairos the Centaur Hunter began the quest for the Orb.
     0 | D:1      | Reached XP level 1. HP: 17/17 MP: 1/1
   160 | D:1      | Reached XP level 2. HP: 24/24 MP: 2/2
   531 | D:1      | Reached skill level 6 in Bows
   665 | D:1      | Reached XP level 3. HP: 21/30 MP: 3/3
  1017 | D:2      | Noticed a bullfrog
  1026 | D:2      | HP: 1/30 [bullfrog (5)]
  1028 | D:2      | Slain by a bullfrog

Skill      XL: |  1  2 |
---------------+-------+-----
Bows           | 6 |  6.6
Fighting       | |  2.5
Armour         | |  0.2
Dodging        | |  1.6
Stealth        | |  0.4

Action                   || total
-------------------------++-------
 Fire: Shortbow          ||   107
  Use: Scroll            ||     3
Armor: Leather armour    ||    12
       Robe              ||     4
Dodge: Dodged            ||    27
